 Dungeon Crawl Stone Soup version 0.29-a0-648-g6b26cc9f40 (webtiles) character file.

Game seed: 16618308546151029183

192 DocClef the Skirmisher (level 5, 0/51 HPs)
             Began as a Minotaur Gladiator on June 20, 2022.
             Slain by a gnoll
             ... wielding a +0 halberd
             ... led by a gnoll shaman
              (7 damage)
             ... on level 4 of the Dungeon.
             The game lasted 00:02:39 (2621 turns).

DocClef the Skirmisher (Minotaur Gladiator)         Turns: 2621, Time: 00:02:40

Health: 0/51       AC:  8    Str: 20    XL:     5   Next: 42%
Magic:  0/4        EV:  8    Int:  5    God:
Gold:   103        SH:  0    Dex: 12    Spells: 4/4 levels left

rFire   . . .      SeeInvis .   a - +0 war axe (venom)
rCold   . . .      Faith    .   (no shield)
rNeg    . . .      Spirit   +   r - +0 chain mail
rPois   .          Reflect  .   c - +0 hat
rElec   .          Harm     .   (no cloak)
rCorr   .          Rampage  .   (no gloves)
Will    .....                   (no boots)
Stlth   ..........              b - amulet of guardian spirit
HPRegen 0.17/turn               (no ring)
MPRegen 0.09/turn               (no ring)

@: no status effects
A: horns 2, retaliatory headbutt
a: no special abilities


You were on level 4 of the Dungeon.
You visited 1 branch of the dungeon, and saw 4 of its levels.

You collected 103 gold pieces.

Inventory:

Hand Weapons
 a - a +0 war axe of venom (weapon)
Missiles
 d - 3 throwing nets (quivered)
 e - a javelin
Armour
 c - a +0 hat (worn)
 r - a +0 chain mail (worn)
Jewellery
 b - an amulet of guardian spirit (around neck)
 q - a ring of fire
Scrolls
 f - a scroll of amnesia {unknown}
 h - a scroll of enchant armour {unknown}
 i - a scroll of identify {unknown}
 j - a scroll of blinking {unknown}
 l - a scroll of poison {unknown}
 m - 2 scrolls of vulnerability {unknown}
Potions
 g - 2 potions of flight {unknown}
 k - a potion of might {unknown}
 n - a potion of resistance {unknown}
 o - a potion of invisibility {unknown}
 p - 2 potions of heal wounds {unknown}
 s - a potion of attraction {unknown}
 t - a potion of curing {unknown}
 u - a potion of brilliance {unknown}


   Skills:
 + Level 6.9 Fighting
 - Level 3.6 Axes
 - Level 2.0 Throwing
 - Level 3.2 Dodging


You had 4 spell levels left.
You didn't know any spells.
Your spell library contained the following spells:

 Spells                   Type           Power      Damage    Failure   Level
 Magic Dart               Conj           0%         1d3       100%        1
 Summon Small Mammal      Summ           0%         N/A       100%        1
 Call Imp                 Summ           0%         N/A       100%        2
 Ensorcelled Hibernation  Hex/Ice        0%         N/A       100%        2
 Call Canine Familiar     Summ           0%         N/A       100%        3
 Mephitic Cloud           Conj/Pois/Air  0%         N/A       100%        3
 Spider Form              Tmut/Pois      0%         N/A       100%        3
 Summon Guardian Golem    Hex/Summ       0%         N/A       100%        3
 Anguish                  Hex/Necr       0%         N/A       100%        4


Dungeon Overview and Level Annotations

Branches:
Dungeon (4/15)
 Temple: D:4-7

Altars:


Innate Abilities, Weirdness & Mutations

You have a pair of horns on your head.
You reflexively headbutt those who attack you in melee.


Message History

You hit the gnoll. You headbutt the gnoll.
The gnoll is heavily wounded.
The gnoll hits you from afar with a +0 halberd.
The gnoll hits you but does no damage.
You closely miss the gnoll.
The gnoll is heavily wounded.
The gnoll hits you from afar with a +0 halberd!
The gnoll completely misses you. You furiously retaliate!
You headbutt the gnoll.
You are too injured to fight recklessly!
You are too injured to fight recklessly!
You are too injured to fight recklessly!
You are too injured to fight recklessly!
You are too injured to fight recklessly!
You are too injured to fight recklessly!
You are too injured to fight recklessly!
You are too injured to fight recklessly!
You are too injured to fight recklessly!
You are too injured to fight recklessly!
You are too injured to fight recklessly!
You are too injured to fight recklessly!
You are too injured to fight recklessly!
You are too injured to fight recklessly!
Unknown command.
You slash the gnoll!
You kill the gnoll!
The gnoll hits you from afar with a +0 halberd.
* * * LOW HITPOINT WARNING * * *
The gnoll hits you from afar with a +0 halberd!
* * * LOW HITPOINT WARNING * * *
The gnoll barely misses you.
Unknown command.
You see here a book of Dreams.
You pick up a book of Dreams and begin reading...
You add the spells Ensorcelled Hibernation, Spider Form and Anguish to your library.
The gnoll hits you from afar with a +0 halberd.
* * * LOW HITPOINT WARNING * * *
There is a stone staircase leading down here.
The gnoll hits you from afar with a +0 halberd!
You die...

.###
#.###.#.# .
#.###.#.#
#g##..#.#
#.##.##.#
#g##.##.#
#..g....#
####g####
####.####
#...@...#
#.#.......#
#<#..##.#.#
#.#.....# #
#.#.##..#
#.#.. ....
#.... .##
....# ##
#..


You could see 2 gnolls.

Vanquished Creatures
  A gnoll shaman (D:4)
  2 gnolls (D:4)
  7 adders
  3 worms
  2 dart slugs (D:2)
  6 ball pythons
  5 bats
  6 endoplasms
  4 giant cockroaches
  6 goblins
  8 hobgoblins
  4 jackals (D:1)
  A quokka (D:2)
  7 frilled lizards
  5 kobolds
  5 rats
72 creatures vanquished.

Vanquished Creatures (others)
  A plant (D:1)
1 creature vanquished.

Grand Total: 73 creatures vanquished

Notes
Turn   | Place    | Note
-------+----------+-------------------------------------------
     0 | D:1      | DocClef the Minotaur Gladiator began the quest for the Orb.
     0 | D:1      | Reached XP level 1. HP: 18/18 MP: 0/0
    88 | D:1      | Reached skill level 3 in Fighting
   115 | D:1      | Reached XP level 2. HP: 19/26 MP: 1/1
   331 | D:1      | Reached skill level 4 in Fighting
  1028 | D:2      | Reached XP level 3. HP: 21/33 MP: 2/2
  1415 | D:2      | Reached skill level 5 in Fighting
  1536 | D:2      | Reached XP level 4. HP: 42/42 MP: 3/3
  1785 | D:2      | Found a faded altar of an unknown god.
  2018 | D:2      | Reached skill level 6 in Fighting
  2240 | D:3      | Reached XP level 5. HP: 51/51 MP: 4/4
  2376 | D:3      | Identified the +5 rapier of the Solstice {vorpal, Contam
                  | rElec Str+4}
  2590 | D:4      | HP: 2/51 [gnoll/+0 halberd[a gnoll shaman] (6)]
  2621 | D:4      | Slain by a gnoll

Illustrated notes

Levels and vault maps discovered:
D:1:      psy_arrival_spokes, layout_loops_ring, chequers_big_river
D:2:      minmay_razor_zed, layout_basic, ebering_ecumenical_altar_hall
D:3:      layout_rooms, serial_corexii_hall, chequers_hall_statues_wall_a,
          corexii_hall_statues_deadend
D:4:      layout_loops_cross, minmay_temple_entry_hall, uniq_robin

Skill      XL: |  1  2  3  4 |
---------------+-------------+-----
Fighting       | 3 4 5 6 |  6.9
Axes           | |  3.6
Throwing       | |  2.0
Dodging        | |  3.2

Action                   |  1- 3 |  4- 6 || total
-------------------------+-------+-------++-------
Melee: War axe           |    71 |    58 ||   129
       Headbutt          |    12 |    11 ||    23
       Punch             |     1 |     1 ||     2
  Use: Scroll            |       |     2 ||     2
Armor: Leather armour    |    16 |       ||    16
       Ring mail         |     2 |     6 ||     8
       Chain mail        |       |    22 ||    22
Dodge: Dodged            |    55 |    31 ||    86

Table legend: (Time is in decaauts)
 A = Elapsed time spent in this place.
 B = Non-inter-level travel time spent in this place.
 C = Inter-level travel time spent in this place.
 D = Time resting spent in this place.
 E = Time spent auto-exploring this place.
 F = Levels seen in this place.
 G = Mean time per level.
                   A        B        C        D        E       F      G
               +--------+--------+--------+--------+--------+-----+--------+
         Total |   2671 |   2565 |    106 |      0 |   2106 |   4 |  667.8 |
       Dungeon |   2671 |   2565 |    106 |      0 |   2106 |   4 |  667.8 |
               +--------+--------+--------+--------+--------+-----+--------+

Top non-repeatable levels by time:
     D:2: 1089 daAuts
     D:1: 1019 daAuts
     D:3: 458 daAuts
     D:4: 104 daAuts
